 Dungeon Crawl Stone Soup version 0.28-a0-957-g42eb19b844 (webtiles) character file.

Game seed: 1213516911059174425

39 ryw the Sneak (level 3, 0/28 HPs)
             Began as a Human Brigand on Dec 1, 2021.
             Succumbed to an adder's poison
             ... on level 2 of the Dungeon.
             The game lasted 00:01:48 (1143 turns).

ryw the Sneak (Human Brigand)                       Turns: 1143, Time: 00:01:49

Health: 0/28       AC:  3    Str: 11    XL:     3   Next: 70%
Magic:  3/3        EV: 12    Int: 11    God:
Gold:   12         SH:  0    Dex: 16    Spells: 2/2 levels left

rFire   . . .      SeeInvis .   i - +0 short sword (venom)
rCold   . . .      Faith    .   (no shield)
rNeg    . . .      Spirit   .   b - +0 robe
rPois   .          Reflect  .   (no helmet)
rElec   .          Harm     .   c - +0 cloak
rCorr   .          Rampage  .   (no gloves)
Will    .....                   (no boots)
Stlth   +++.......              (no amulet)
HPRegen 0.09/turn               (no ring)
MPRegen 0.08/turn               (no ring)

@: lethally poisoned (0 -> -2)
A: no striking features
a: no special abilities


You were on level 2 of the Dungeon.
You visited 1 branch of the dungeon, and saw 2 of its levels.

You collected 12 gold pieces.

Inventory:

Hand Weapons
 a - a +2 dagger
 i - a +0 short sword of venom (weapon)
Missiles
 d - 6 poisoned darts (quivered)
 e - 2 curare-tipped darts
Armour
 b - a +0 robe (worn)
 c - a +0 cloak (worn)
Scrolls
 f - a scroll of immolation {unknown}
 g - 2 scrolls of teleportation {unknown}
 h - a scroll of identify {unknown}
 j - a scroll of blinking {unknown}
 k - a scroll of magic mapping {unknown}
 l - a scroll of amnesia {unknown}


   Skills:
 + Level 2.4 Fighting
 * Level 3.0 Short Blades
 - Level 2.0 Throwing
 + Level 1.7 Dodging
 - Level 4.0 Stealth


You had 2 spell levels left.
You didn't know any spells.
Your spell library was empty.

Dungeon Overview and Level Annotations

Branches:
Dungeon (2/15)

Altars:

Shops:
D:1 (


Message History

Aim: an adder (44% to hit)
You throw a poisoned dart.
The poisoned dart closely misses the adder.
The poisoned dart hits the ball python.
The ball python is poisoned.
The adder closely misses you.
You hit the adder.
The adder is lightly wounded.
The bat barely misses you. The adder bites you.
Your +0 short sword of venom begins to drip with poison!
i - a +0 short sword of venom (weapon)
The bat hits you but does no damage. The bat barely misses you.
The adder bites you.
You are poisoned.
The adder poisons you!
You hit the adder.
The adder is poisoned.
The adder is heavily wounded.
You feel sick. The bat hits you but does no damage. The adder bites you.
* * * LOW HITPOINT WARNING * * *
You are lethally poisoned!
The adder poisons you!
Unknown command.
You aren't carrying any potions.
You hit the adder but do no damage.
The adder looks as sick as possible!
The adder is severely wounded.
* * * LOW HITPOINT WARNING * * *
You feel sick.
The ball python looks more healthy.
The adder barely misses you.
Unknown command.
You closely miss the adder.
The adder is almost dead.
* * * LOW HITPOINT WARNING * * *
You feel sick. The adder closely misses you. The bat closely misses you.
Unknown command.
You hit the adder.
You kill the adder!
* * * LOW HITPOINT WARNING * * *
You feel sick. The bat hits you.
* * * LOW HITPOINT WARNING * * *
Your Short Blades skill increases to level 3!
Unknown command.
You die...

#.(### #..#
#..##########
#..#.........
#.[..........
##g#K########
#S#b# #.#.##
#.@..#
###..##.#
#.<..#
#.###.# #.#
.# #.# .# #.#
. #.# #.#


You could see a goblin, a bat, a ball python and a kobold.

Vanquished Creatures
  An adder (D:2)
  A dart slug (D:1)
  3 endoplasms (D:1)
  3 goblins
  4 jackals (D:1)
  A quokka (D:1)
  2 ball pythons (D:1)
  3 bats (D:1)
  A frilled lizard (D:1)
  5 kobolds (D:1)
  3 rats (D:1)
27 creatures vanquished.

Notes
Turn   | Place    | Note
-------+----------+-------------------------------------------
     0 | D:1      | ryw the Human Brigand began the quest for the Orb.
     0 | D:1      | Reached XP level 1. HP: 16/16 MP: 1/1
   139 | D:1      | Reached XP level 2. HP: 14/22 MP: 2/2
   496 | D:1      | Reached XP level 3. HP: 22/27 MP: 3/3
   570 | D:1      | Found Lexalyrph's Weapon Shoppe.
  1142 | D:2      | HP: 1/28 [bat (1)]
  1143 | D:2      | Succumbed to an adder's poison

Illustrated notes

Levels and vault maps discovered:
D:1:      erik_arrival_blinker_ship, layout_loops_ring, serial_shops,
          nicolae_shop_window_shopping, minivault_27, solitary_fountain
D:2:      layout_loops_ring, serial_shops, nicolae_shop_advertising_works
          [nicolae_subvault_shop_adworks], minmay_hexomino_r4

Skill      XL: |  1  2  3 |
---------------+----------+-----
Short Blades   | 3 |  3.0
Fighting       | |  2.4
Throwing       | |  2.0
Dodging        | |  1.7
Stealth        | |  4.0

Action                   || total
-------------------------++-------
Melee: Dagger            ||    71
       Short sword       ||     4
Throw: Dart              ||     2
 Stab: Sleeping          ||     5
Armor: Robe              ||    29
Dodge: Dodged            ||    67

Table legend: (Time is in decaauts)
 A = Elapsed time spent in this place.
 B = Non-inter-level travel time spent in this place.
 C = Inter-level travel time spent in this place.
 D = Time resting spent in this place.
 E = Time spent auto-exploring this place.
 F = Levels seen in this place.
 G = Mean time per level.
                   A        B        C        D        E       F      G
               +--------+--------+--------+--------+--------+-----+--------+
         Total |   1133 |   1092 |     41 |      0 |    888 |   2 |  566.5 |
       Dungeon |   1133 |   1092 |     41 |      0 |    888 |   2 |  566.5 |
               +--------+--------+--------+--------+--------+-----+--------+

Top non-repeatable levels by time:
     D:1: 1089 daAuts
     D:2: 43 daAuts
